 Dungeon Crawl Stone Soup version 0.31-a0-1570-g93c622d222 (webtiles) character file.

Game seed: 13974944921723170545

441 voltaire321 the Magician (level 6, -1/35 HPs)
             Began as a Deep Elf Earth Elementalist on Jan 4, 2024.
             Slain by an orc priest
             ... wielding a +0 flail
              (10 damage)
             ... on level 4 of the Dungeon.
             The game lasted 00:10:15 (3452 turns).

voltaire321 the Magician (DEEE)                     Turns: 3452, Time: 00:10:16

Health: -1/35      AC:  5    Str:  7    XL:     6   Next: 71%
Magic:  9/14       EV: 13    Int: 20    God:
Gold:   91         SH:  0    Dex: 15    Spells: 6/13 levels left

rFire   + + .        e - +1 dagger (venom)
rCold   + . .        (no shield)
rNeg    . . .        l - +2 robe {rC+ rF+}
rPois   .            j - +0 helmet
rElec   .            (no cloak)
rCorr   .            (no gloves)
SInv    .            (no boots)
Will    .....        h - amulet of the acrobat
Stlth   +++          k - ring of protection from fire
HPRegen 0.25/turn    (no ring)
MPRegen 0.14/turn

%: acrobat
@: no status effects
A: no striking features
a: no special abilities


You were on level 4 of the Dungeon.
You visited 1 branch of the dungeon, and saw 5 of its levels.

You collected 133 gold pieces.
You spent 42 gold pieces at shops.

Inventory:

Hand Weapons
 d - a +0 short sword of draining
 e - a +1 dagger of venom (weapon)
 v - a +0 scimitar
Armour
 j - a +0 helmet (worn)
 l - a +2 robe of resistance (worn)
Jewellery
 h - an amulet of the acrobat (around neck)
 k - a ring of protection from fire (left hand)
Wands
 u - a wand of paralysis (11)
Scrolls
 c - 3 scrolls of enchant weapon {unknown}
 f - 2 scrolls of poison {unknown}
 i - 3 scrolls of identify {unknown}
 m - 2 scrolls of noise {unknown}
 n - a scroll of revelation {unknown}
 p - a scroll of fog {unknown}
 r - a scroll of brand weapon {unknown}
 s - 2 scrolls of teleportation {unknown}
Potions
 a - a potion of might {unknown}
 b - a potion of magic
 g - 2 potions of curing
 o - a potion of brilliance {unknown}
 q - a potion of lignification {unknown}
 t - a potion of berserk rage {unknown}


   Skills:
 + Level 2.1 Fighting
 + Level 1.9 Armour
 + Level 3.7 Dodging
 + Level 4.0 Stealth
 + Level 4.4 Spellcasting
 + Level 3.1 Conjurations
 + Level 4.3 Earth Magic


You had 6 spell levels left.
You knew the following spells:

 Your Spells              Type           Power      Damage    Failure   Level
a - Sandblast             Erth           44%        2d11      1%          1
b - Passwall              Erth           22%        N/A       6%          3
c - Stone Arrow           Conj/Erth      38%        3d9       8%          3

Your spell library contained the following spells:

 Spells                   Type           Power      Damage    Failure   Level
 Slow                     Hex            16%        N/A       12%         1
 Ensorcelled Hibernation  Hex/Ice        8%         N/A       19%         2
 Brom's Barrelling Bould  Conj/Erth      19%        2d4       26%         4
 Confusing Touch          Hex            4%         N/A       36%         3
 Fugue of the Fallen      Necr           4%         N/A       36%         3
 Sigil of Binding         Hex            4%         N/A       36%         3
 Vampiric Draining        Necr           4%         2d6       36%         3
 Volatile Blastmotes      Fire/Tloc      8%         2d10      36%         3
 Petrify                  Alch/Erth      13%        N/A       45%         4
 Fulminant Prism          Conj/Alch      5%         3d7       54%         4
 Iskenderun's Mystic Bla  Conj/Tloc      10%        2d4       54%         4
 Anguish                  Hex/Necr       2%         N/A       77%         4


Dungeon Overview and Level Annotations

Branches:
Dungeon (5/15)
 Temple: D:4-7

Altars:

Shops:
D:1 *   D:3 !([:

Annotations:
D:4 Edmund


Message History

Press: ? - help, Q - select action, (/) - cycle Shift-Dir - straight line, f - orc wizard
Aim: an orc wizard, wielding a +0 dagger and wearing a +0 robe (79% to hit)
The blast of sand hits the orc wizard!
The orc wizard is severely wounded.
The orc priest shouts!
The orc wizard gestures at you while chanting.
The puff of flame hits you. You resist.
Aiming: Sandblast (safe; 1% risk of failure)
Press: ? - help, Q - select action, (/) - cycle Shift-Dir - straight line, f/p - orc wizard
Aim: an orc wizard, wielding a +0 dagger and wearing a +0 robe (severely wounded, 79% to hit)
The blast of sand hits the orc wizard.
The orc wizard is severely wounded.
The orc priest calls down the wrath of Beogh upon you.
Beogh smites you!
Aiming: Sandblast (safe; 1% risk of failure)
Press: ? - help, Q - select action, (/) - cycle Shift-Dir - straight line, f/p - orc wizard
Aim: an orc wizard, wielding a +0 dagger and wearing a +0 robe (severely wounded, 79% to hit)
The blast of sand hits the orc wizard.
You kill the orc wizard!
Your Stealth skill increases to level 4!
Aiming: Sandblast (safe; 1% risk of failure)
Press: ? - help, Q - select action, (/) - cycle Shift-Dir - straight line, f - orc priest
Aim: an orc priest, wielding a +0 flail and wearing a +0 leather armour (83% to hit)
The blast of sand hits the orc priest.
The orc priest is moderately wounded.
Aiming: Sandblast (safe; 1% risk of failure)
Press: ? - help, Q - select action, (/) - cycle Shift-Dir - straight line, f/p - orc priest
Aim: an orc priest, wielding a +0 flail and wearing a +0 leather armour (moderately wounded, 83% to hit)
The blast of sand hits the orc!
You kill the orc!
Aiming: Sandblast (safe; 1% risk of failure)
Press: ? - help, Q - select action, (/) - cycle Shift-Dir - straight line, f/p - orc priest
Aim: an orc priest, wielding a +0 flail and wearing a +0 leather armour (moderately wounded, 83% to hit)
The blast of sand hits the orc priest!
The orc priest is almost dead.
The orc priest mumbles some strange prayers to Beogh against you.
Beogh smites you!
* * * LOW HITPOINT WARNING * * *
The orc priest hits you with a +0 flail!
You die...

..# .. #.
##..###.. #...
#........ ....
#........ #...#
#........
#....##).......
##......o.......
.... #..@.......
.....#..........
.......$........
.#....#.........
#....#.....##..
#..........##..
...#......<.......
.................
....
................


You could see an orc priest.

Vanquished Creatures
  Sigmund (D:2)
  A sleepcap (D:2)
  A gnoll bouda (D:5)
  An orc wizard (D:4)
  Robin (D:2)
  4 gnolls (D:5)
  7 adders
  A ribbon worm (D:1)
  2 dart slugs
  3 orcs
  7 endoplasms
  6 giant cockroaches
  15 goblins
  5 hobgoblins
  5 jackals (D:1)
  A quokka (D:3)
  5 ball pythons
  5 bats
  3 frilled lizards
  6 kobolds
  6 rats
86 creatures vanquished.

Notes
Turn   | Place    | Note
-------+----------+-------------------------------------------
     0 | D:1      | voltaire321 the Deep Elf Earth Elementalist began the quest
                  | for the Orb.
     0 | D:1      | Reached XP level 1. HP: 10/10 MP: 6/6
     1 | D:1      | Found a runed translucent door.
   125 | D:1      | Found Toqubaxt's Assorted Antiques.
   134 | D:1      | Reached XP level 2. HP: 15/15 MP: 6/8
   197 | D:1      | Found a faded altar of an unknown god.
   904 | D:1      | Reached XP level 3. HP: 14/20 MP: 7/9
  1080 | D:1      | Learned a level 3 spell: Passwall
  1084 | D:1      | Learned a level 3 spell: Stone Arrow
  1085 | D:2      | Noticed Robin
  1136 | D:2      | Reached skill level 1 in Fighting
  1326 | D:2      | Reached skill level 1 in Armour
  1326 | D:2      | Reached XP level 4. HP: 25/25 MP: 6/11
  1584 | D:2      | Noticed Sigmund
  1789 | D:2      | Killed Robin
  2080 | D:2      | Reached XP level 5. HP: 29/29 MP: 10/12
  2111 | D:2      | Killed Sigmund
  2112 | D:2      | Reached XP level 6. HP: 6/35 MP: 9/14
  2471 | D:3      | Found Idis's Armour Emporium.
  2473 | D:3      | Found Fyimodgh's Book Boutique.
  2761 | D:3      | Found Wotioq's Distillery.
  2762 | D:3      | Found Jad Onta's Antique Weapon Shop.
  2770 | D:3      | Bought a potion of curing for 42 gold pieces
  3051 | D:3      | You fall into a shaft and drop 2 floors!
  3051 | D:5      | Entered Level 5 of the Dungeon
  3285 | D:4      | Noticed Edmund
  3452 | D:4      | Slain by an orc priest

Illustrated notes

Levels and vault maps discovered:
D:1:      dpeg_arrival_caged_fury, layout_basic, ebering_ecumenical_altar_webs,
          serial_shops, shop
D:2:      layout_basic, minmay_misc_feat_doors, nicolae_elevator_lobby_plus,
          uniq_sigmund, uniq_robin
D:3:      minmay_spotlight, layout_loops_ring, nicolae_overflow_hidden_temple,
          serial_shops, nicolae_shop_hallway_plus, shop, shop, shop
D:4:      layout_cave_pools, mainiacjoe_overflow_catwalk, serial_shops,
          nicolae_shop_just_a_little_nook, uniq_edmund
D:5:      layout_loops_corners, nicolae_sif_muna_little_library, eino_curves_02,
          goddamned_bats

Skill      XL: |  1  2  3  4  5  6 |
---------------+-------------------+-----
Conjurations   | 2 3 |  3.1
Fighting       | 1 2 |  2.1
Armour         | 1 |  1.9
Stealth        | 3 4 |  4.0
Dodging        | 3 |  3.7
Spellcasting   | 4 |  4.4
Earth Magic    | 4 |  4.3

Action                     |  1- 3 |  4- 6 || total
---------------------------+-------+-------++-------
  Melee: Dagger            |    13 |    18 ||    31
   Cast: Sandblast         |    49 |    71 ||   120
 Armour: Robe              |    26 |    30 ||    56
  Dodge: Dodged            |    26 |    25 ||    51

Table legend: (Time is in decaauts)
 A = Elapsed time spent in this place.
 B = Non-inter-level travel time spent in this place.
 C = Inter-level travel time spent in this place.
 D = Time resting spent in this place.
 E = Time spent auto-exploring this place.
 F = Levels seen in this place.
 G = Mean time per level.
                   A        B        C        D        E       F      G
               +--------+--------+--------+--------+--------+-----+--------+
         Total |   3510 |   3186 |    324 |    475 |   1741 |   5 |  702.0 |
       Dungeon |   3510 |   3186 |    324 |    475 |   1741 |   5 |  702.0 |
               +--------+--------+--------+--------+--------+-----+--------+

Top non-repeatable levels by time:
     D:2: 1249 daAuts
     D:1: 1133 daAuts
     D:3: 858 daAuts
     D:5: 227 daAuts
     D:4: 41 daAuts
